 Dungeon Crawl Stone Soup version 0.24.0-13-gcf9b319 (webtiles) character file.

Game seed: 7953935560747178343, levelgen mode: deterministic

7480 tevo3000 the Protected (level 11, -6/60 HPs)
             Began as a Gargoyle Fighter on Dec 7, 2019.
             Was an Initiate of Gozag.
             Mangled by a titanic slime creature (34 damage)
             ... on level 11 of the Dungeon.
             The game lasted 00:33:00 (9918 turns).

tevo3000 the Protected (Gargoyle Fighter)           Turns: 9918, Time: 00:33:01

Health: -6/60      AC: 39    Str: 29    XL:     11   Next: 15%
Magic:  11/11      EV:  6    Int:  4    God:    Gozag
Gold:   1228       SH: 11    Dex:  9    Spells: 10/10 levels left

rFire    . . .     SeeInvis .   t - +7 club
rCold    + + .     Gourm    +   c - +0 shield
rNeg     + + +     Faith    .   R - +3 plate armour of the Prince of Darkness {+Inv rC- Regen+ rCorr}
rPois    ∞         Spirit   .   v - +2 helmet
rElec    +         Reflect  .   O - +0 cloak
rCorr    +         Harm     .   k - +0 pair of gloves
MR       .....                  Q - +0 pair of boots
Stlth    ..........             E - amulet "Bisur" {Gourm +Inv rC+++ rN++ Int-5}
HPRegen  0.60/turn              N - +5 ring of protection
MPRegen  0.12/turn              x - +6 ring of strength

@: no status effects
A: negative energy resistance 1, electricity resistance, unbreathing,
petrification resistance, rot immunity, AC +8
a: Potion Petition, Call Merchant, Bribe Branch, Renounce Religion, Evoke
Invisibility


You were on level 11 of the Dungeon.
You worshipped Gozag.
Gozag was most pleased with you.
You were full.

You visited 1 branch of the dungeon, and saw 11 of its levels.

You collected 2338 gold pieces.
You spent 325 gold pieces at shops.
You paid 785 gold pieces to Gozag.

Inventory:

Hand Weapons
 a - a +0 flail
 t - a +7 club (weapon)
Armour
 b - a +0 scale mail
 c - a +0 shield (worn)
 d - a +0 hat
 k - a +0 pair of gloves (worn)
 l - a +0 leather armour of fire resistance
 v - a +2 helmet (worn)
 J - a +1 plate armour
 O - a +0 cloak (worn)
 Q - a +0 pair of boots (worn)
 R - the +3 plate armour of the Prince of Darkness (worn) {+Inv rC- Regen+ rCorr}
   (You found it on level 10 of the Dungeon)

   It makes you vulnerable to cold.
   It lets you turn invisible.
   It increases your rate of regeneration.
   It provides partial protection from all sources of acid and corrosion.
Jewellery
 i - an uncursed ring of ice
 s - an uncursed amulet of magic regeneration
 u - an uncursed ring of teleportation
 w - an uncursed amulet of harm
 x - a +6 ring of strength (right hand)
 y - an uncursed amulet of guardian spirit
 A - an uncursed ring of wizardry
 E - the amulet "Bisur" (around neck) {Gourm +Inv rC+++ rN++ Int-5}
   (You found it on level 6 of the Dungeon)

   [amulet of the gourmand]

   It allows you to eat raw meat even when not hungry.
   It affects your intelligence (-5).
   It renders you almost immune to cold.
   It greatly protects you from negative energy.
   It lets you turn invisible.
 I - an uncursed ring of protection from fire
 K - an uncursed amulet of the gourmand
 N - a +5 ring of protection (left hand)
Wands
 g - a wand of scattershot (6)
 r - a wand of digging (5)
 B - a wand of paralysis (12)
 F - a wand of flame (24)
 H - a wand of polymorph (9)
Scrolls
 e - 10 scrolls of identify
 f - 6 scrolls of remove curse
 m - 6 scrolls of teleportation
 q - a scroll of blinking
 L - a scroll of torment {unknown}
Potions
 h - 5 potions of flight
 j - a potion of agility
 n - a potion of magic {unknown}
 p - 2 potions of lignification
 z - a potion of brilliance {unknown}
 C - a potion of mutation {unknown}
 D - a potion of ambrosia {unknown}
 G - a potion of cancellation {unknown}
 M - a potion of invisibility {unknown}
Miscellaneous
 P - a sack of spiders
Comestibles
 o - 16 rations


   Skills:
 - Level 3.2 Fighting
 * Level 11.2 Maces & Flails
 * Level 12.2 Armour
 + Level 7.7 Shields


You had 10 spell levels left.
You didn't know any spells.
Your spell library contained the following spells:

 Spells                   Type           Power        Failure   Level  Hunger
 Shock                    Conj/Air       #...         100%        1    ##.....
 Swiftness                Chrm/Air       #.......     100%        2    ###....
 Static Discharge         Conj/Air       #.......     100%        3    ####...
 Airstrike                Air            #.........   100%        4    #####..
 Lightning Bolt           Conj/Air       #.........   100%        5    ######.


Dungeon Overview and Level Annotations

Branches:
Dungeon (11/15)            Temple (0/1) D:5            Lair (0/6) D:10
    Orc: D:9-12

Altars:
Ashenzari
Gozag
Kikubaaqudgha
Makhleb
Nemelex Xobeh
Sif Muna
Trog
Yredelemnul

Shops:
D:6 %

Annotations:
D:5 1 runed translucent door, Myxy's ghost, amateur TrMo


Innate Abilities, Weirdness & Mutations

You are resistant to torment.
Your stone body is resilient. (AC +8)
You are immune to poison.
You resist negative energy. (rN+)
You are resistant to electric shocks. (rElec)
You can survive without breathing.
You are immune to petrification.
You are immune to rotting.


Message History

You hit the titanic slime creature.
The titanic slime creature is lightly wounded.
The titanic slime creature hits you!!
You thump the titanic slime creature!
The titanic slime creature is moderately wounded.
You hit the titanic slime creature.
The titanic slime creature is moderately wounded.
You block the titanic slime creature's attack.
You sock the titanic slime creature!
The titanic slime creature is moderately wounded.
The titanic slime creature barely misses you.
You hit the titanic slime creature.
The titanic slime creature is moderately wounded.
The titanic slime creature hits you!
You thump the titanic slime creature!
The titanic slime creature is moderately wounded.
The titanic slime creature hits you!!
Ouch! That really hurt!
You die...
Your body crumbles into a pile of gold.

## ## #. ..
##.## .#.#
.###..<###....#
.........@J.#
..###...###....#
#..... ##.#
........
........#
........##
.......## ###...


You could see a titanic slime creature.

Vanquished Creatures
  A wolf spider zombie (D:10)
  A hippogriff (D:10)
  Sigmund (D:6)
  6 yaks (D:10)
  A wyvern (D:10)
  A hungry ghost (D:10)
  6 swamp worms (D:10)
  A water moccasin (D:6)
  2 porcupines (D:10)
  3 sky beasts
  5 orc warriors
  4 black bears
  2 ice beasts
  2 phantoms
  6 ogres
  2 crocodiles (D:10)
  3 big kobolds
  5 bullfrogs
  A wyvern skeleton (D:10)
  4 scorpions
  7 wights
  4 crimson imps
  3 bullfrog zombies
  6 hounds
  2 jellies
  5 orc priests
  A bullfrog skeleton (D:5)
  Ijyb (D:3)
  Jessica (D:3)
  3 iguanas
  2 orc wizards
  10 worker ants
  Terence (D:3)
  2 hound zombies
  A howler monkey zombie (D:9)
  2 worker ant zombies
  14 adders
  4 shadow imps
  2 oozes
  An adder zombie (D:5)
  2 adder skeletons
  A dart slug (D:2)
  8 leopard geckos
  34 orcs
  2 bat zombies (D:3)
  5 giant cockroaches
  5 hobgoblins
  8 jackals
  4 quokkas
  3 ball pythons (D:1)
  9 bats
  5 frilled lizards
  A giant cockroach zombie (D:5)
  7 goblins
  20 kobolds
  A leopard gecko zombie (D:5)
  A quokka skeleton (D:4)
  A quokka zombie (D:7)
  6 rats
  2 rat zombies (D:3)
254 creatures vanquished.

Vanquished Creatures (others)
  17 fungi (D:10)
  5 plants (D:10)
22 creatures vanquished.

Grand Total: 276 creatures vanquished

Notes
Turn   | Place    | Note
-------+----------+-------------------------------------------
     0 | D:1      | tevo3000 the Gargoyle Fighter began the quest for the Orb.
     0 | D:1      | Reached XP level 1. HP: 14/14 MP: 1/1
   199 | D:1      | Reached XP level 2. HP: 19/19 MP: 2/2
  1007 | D:1      | Reached XP level 3. HP: 23/23 MP: 3/3
  1221 | D:2      | Found a shattered altar of Ashenzari.
  1225 | D:2      | Reached skill level 4 in Armour
  1615 | D:2      | Found an opulent altar of Gozag.
  1629 | D:2      | Became a worshipper of Gozag Ym Sagoz the Greedy
  2036 | D:2      | Reached XP level 4. HP: 22/28 MP: 4/4
  2151 | D:3      | Noticed Ijyb
  2172 | D:3      | Killed Ijyb
  2275 | D:3      | Reached XP level 5. HP: 20/32 MP: 5/5
  2366 | D:3      | Noticed Terence
  2372 | D:3      | Killed Terence
  2372 | D:3      | Reached skill level 5 in Armour
  2407 | D:3      | Noticed Jessica
  2412 | D:3      | Killed Jessica
  2733 | D:3      | Found an ancient bone altar of Kikubaaqudgha.
  2873 | D:3      | Found a basalt altar of Yredelemnul.
  3101 | D:4      | Reached XP level 6. HP: 36/37 MP: 6/6
  3152 | D:4      | Found a sparkling altar of Nemelex Xobeh.
  3268 | D:4      | Reached skill level 5 in Maces & Flails
  3268 | D:4      | Reached skill level 6 in Armour
  3688 | D:5      | Entered Level 5 of the Dungeon
  3691 | D:5      | Found a staircase to the Ecumenical Temple.
  3758 | D:5      | Reached XP level 7. HP: 21/41 MP: 7/7
  3875 | D:5      | Found a bloodstained altar of Trog.
  3902 | D:5      | Found a runed translucent door.
  3902 | D:5      | Noticed Myxy's ghost (amateur TrMo)
  4465 | D:6      | Reached skill level 7 in Armour
  4478 | D:6      | Found a shimmering blue altar of Sif Muna.
  4569 | D:6      | Reached XP level 8. HP: 33/46 MP: 8/8
  4854 | D:6      | Noticed Sigmund
  4875 | D:6      | Killed Sigmund
  4875 | D:6      | Reached skill level 8 in Armour
  5015 | D:6      | Found Zilogiwn's Food Boutique.
  5025 | D:6      | Bought a ration for 65 gold pieces
  5025 | D:6      | Bought a ration for 65 gold pieces
  5025 | D:6      | Bought a ration for 65 gold pieces
  5025 | D:6      | Bought a ration for 65 gold pieces
  5025 | D:6      | Bought a ration for 65 gold pieces
  5395 | D:6      | Got a twitching graven amulet
  5400 | D:6      | Identified the amulet "Bisur" {Gourm +Inv rC+++ rN++ Int-5}
                  | (You found it on level 6 of the Dungeon)
  5714 | D:7      | Reached skill level 9 in Armour
  5714 | D:7      | Reached XP level 9. HP: 51/51 MP: 9/9
  6108 | D:7      | Reached skill level 5 in Shields
  6662 | D:8      | Found a burning altar of Makhleb.
  6770 | D:8      | Reached skill level 10 in Armour
  7207 | D:9      | Noticed a troll
  7718 | D:9      | Reached XP level 10. HP: 56/56 MP: 10/10
  8216 | D:10     | Entered Level 10 of the Dungeon
  8420 | D:10     | Reached skill level 11 in Armour
  8427 | D:10     | Reached skill level 10 in Maces & Flails
  8670 | D:10     | Found a staircase to the Lair.
  9147 | D:10     | Reached XP level 11. HP: 60/60 MP: 11/11
  9250 | D:10     | Reached skill level 12 in Armour
  9837 | D:10     | Got a polished plate armour
  9848 | D:10     | Identified the +3 plate armour of the Prince of Darkness
                  | {+Inv rC- Regen+ rCorr} (You found it on level 10 of the
                  | Dungeon)
  9918 | D:11     | Mangled by a titanic slime creature

Levels and vault maps discovered:
D:1:      dpeg_arrival_boxes_within_box, layout_basic, st_stairs_3,
          chequers_serial_rivers_small_a, minmay_misc_feat_more_columns
D:2:      layout_basic, evilmike_ruin_ashenzari, grunt_gozag_breadcrumbs,
          chequers_serial_rivers_small_b
D:3:      layout_basic, lemuel_zombie_altar_kikubaaqudgha,
          nicolae_overflow_crystal_walls, uniq_jessica, uniq_terence, uniq_ijyb
D:4:      layout_loops_cross, kennysheep_little_box
D:5:      minmay_general_purpose_star, layout_basic, minmay_temple_entry_ruins,
          hellmonk_ghost_happy_afterlife, first_ration,
          trog_three_pillars_becter
D:6:      layout_basic, lemuel_doored_altar, serial_shops,
          nicolae_shop_waterfront, uniq_sigmund
D:7:      minmay_the_grid_square_5x5_3x3 [minmay_the_grid_square_5x5_checkered,
          minmay_the_grid_square_5x5_three,
          minmay_the_grid_square_5x5_inverted_slash,
          minmay_the_grid_square_5x5_two,
          minmay_the_grid_square_5x5_megaprize_hollow,
          minmay_the_grid_square_5x5_two_small,
          minmay_the_grid_square_5x5_tetrominoes,
          minmay_the_grid_square_5x5_half_checkered,
          minmay_the_grid_square_5x5_shrine1], layout_layer_cave
D:8:      layout_rooms, kennysheep_mini_moat
D:9:      layout_long_grid, nicolae_overflow_hidden_temple
D:10:     layout_layer_cave, due_lair_maze_entry_diamond, grunt_ogre_cave,
          worms_lemuel
D:11:     hangedman_cross_stitches, layout_loops_ring,
          nicolae_trove_entry_crystal

Skill      XL: |  1  2  3  4  5  6  7  8  9 10 11 |
---------------+----------------------------------+-----
Armour         | 4 5 6 7 9 10 11 12 | 12.2
Maces & Flails | 3 4 5 6 7 9 10 11 | 11.2
Shields        | 4 5 7 |  7.7
Fighting       | |  3.2

Action                   |  1- 3 |  4- 6 |  7- 9 | 10-12 || total
-------------------------+-------+-------+-------+-------++-------
Melee: Flail             |   193 |   112 |       |       ||   305
       Club              |       |    86 |   712 |   404 ||  1202
Invok: Potion Petition   |       |       |     1 |     1 ||     2
  Use: Potion            |     2 |     3 |     5 |     2 ||    12
       Scroll            |     2 |       |    11 |     1 ||    14
 Stab: Distracted        |       |       |       |     2 ||     2
  Eat: Ration            |     1 |     3 |     4 |     4 ||    12
Armor: Scale mail        |   150 |    94 |   177 |       ||   421
       Plate armour      |       |       |   132 |   236 ||   368
Dodge: Dodged            |    85 |    77 |   158 |    73 ||   393
Block: Shield            |   151 |   130 |   282 |   195 ||   758
